AoeStats
← 784f22fd

Arena

514523116Analyzed
4v4 RM · 18d ago on Oct 18, 2026· 58m 1s· 8 players
Game mode
Random Map
Map size
Large (8 player)
Population
200
Speed
Normal
Resources
Standard
Victory
Conquest
Starting age
Dark Age
Ending age
Imperial Age
RankedLock teamsTeams togetherTeam positionsShared explorationLock speedFull tech treeHidden civsTurbo modeCheats
Victory
Defeat
🇨🇳 Hindustanis · China
978
+13
🇨🇳 Huns · China
970
+13
🇨🇳 Khmer · China
955
+14
🇨🇳 Romans · China
932
+14
vs
🇨🇳 Saracens · China
941
-15
🇳🇴 Varangians · Norway
929
-15
🇷🇴 Franks · Romania
900
-13
🇨🇳 Turks · China
843
-11
1279332839
0:27 Loom
1:47 Loom
12:08 Feudal Age
17:37 Castle Age
15:45 Double-Bit Axe
15:48 Horse Collar
18:02 Gold Mining
18:03 Stone Mining
18:39 Bow Saw
18:39 Heavy Plow
33:45 Wheelbarrow
35:59 Scale Barding Armor
36:05 Forging
36:48 Gold Shaft Mining
41:11 Hand Cart
40:55 Stone Mining
41:48 Man-at-Arms
42:30 Scale Mail Armor
43:06 Iron Casting
42:38 Long Swordsman
43:19 Squires
45:20 Scale Mail Armor
45:56 Iron Casting
44:49 Long Swordsman
45:31 Squires
45:17 Arson
47:44 Chain Mail Armor
54:29 Imperial Age
55:00 Two-Handed Swordsman
杰哥真棒
10:20 Feudal Age
11:13 Double-Bit Axe
14:37 Castle Age
16:16 Wheelbarrow
17:32 Stone Mining
18:02 Bow Saw
27:05 Loom
40:27 Bloodlines
40:17 Husbandry
41:31 Husbandry
45:41 Imperial Age
43:41 Scale Barding Armor
44:09 Forging
45:20 Chain Barding Armor
46:27 Iron Casting
45:52 Heavy Camel Rider
48:00 Plate Barding Armor
49:52 Blast Furnace
bekjor
10:22 Feudal Age
10:42 Loom
14:30 Castle Age
12:56 Double-Bit Axe
14:30 Horse Collar
18:19 Bow Saw
21:46 Gambesons
22:01 Squires
21:46 Arson
22:09 Heavy Plow
24:21 Wheelbarrow
23:56 Scale Mail Armor
24:06 Forging
26:25 Hand Cart
27:23 Gold Mining
32:19 Imperial Age
29:52 Town Watch
30:21 Scale Barding Armor
30:51 Iron Casting
30:53 Fortified Wall
31:05 Ballistics
32:01 Fletching
32:29 Masonry
32:15 Murder Holes
36:20 Two-Man Saw
35:53 Crop Rotation
35:55 Chain Barding Armor
36:35 Blast Furnace
36:44 Conscription
36:39 Bodkin Arrow
37:43 Stone Mining
38:56 Elite Jarl
38:58 Gothikon
40:13 Architecture
40:44 Chemistry
39:28 Treadmill Crane
40:22 Chain Mail Armor
40:59 Stone Shaft Mining
41:41 Town Patrol
42:21 Plate Barding Armor
41:46 Bracer
42:17 Plate Mail Armor
43:21 Elite Varangian Guard
43:49 Arson
45:32 Caravan
48:04 Bloodlines
47:54 Husbandry
51:01 Pikeman
52:52 Halberdier
56:01 Cavalier
roLynxLynx
3:13 Loom
10:56 Feudal Age
13:26 Double-Bit Axe
16:57 Castle Age
17:55 Bow Saw
20:22 Forging
21:17 Husbandry
24:17 Scale Barding Armor
25:28 Gold Mining
28:27 Wheelbarrow
28:26 Herbal Medicine
29:37 Iron Casting
29:49 Pikeman
30:29 Squires
33:19 Imperial Age
31:11 Hand Cart
35:52 Town Watch
35:29 Cavalier
37:17 Blast Furnace
36:37 Chain Barding Armor
36:59 Conscription
36:04 Halberdier
37:34 Scale Mail Armor
37:36 Paladin
38:23 Chivalry
40:34 Light Cavalry
43:38 Chain Mail Armor
47:34 Plate Mail Armor
47:10 Chivalry
55:24 Plate Barding Armor
54:40 Fletching
54:50 Padded Archer Armor
56:46 Hoardings
1834325568
11:31 Feudal Age
15:01 Castle Age
29:53 Imperial Age
28:45 Horse Collar
28:53 Double-Bit Axe
30:07 Bow Saw
30:03 Heavy Plow
30:11 Tusk Swords
31:06 Husbandry
31:17 Bloodlines
31:53 Crop Rotation
32:04 Wheelbarrow
31:14 Loom
32:03 Conscription
32:15 Town Watch
33:34 Hand Cart
33:49 Town Patrol
34:46 Gold Mining
34:49 Stone Mining
35:27 Masonry
35:07 Heated Shot
35:40 Ballistics
35:31 Scale Barding Armor
35:39 Forging
35:53 Elite Battle Elephant
37:53 Architecture
38:58 Double Crossbow
38:19 Elite Ballista Elephant
39:40 Gold Shaft Mining
39:40 Stone Shaft Mining
40:27 Stone Shaft Mining
42:26 Fletching
42:36 Padded Archer Armor
44:35 Coinage
46:08 Banking
46:10 Leather Archer Armor
45:51 Bodkin Arrow
46:32 Iron Casting
46:18 Chain Barding Armor
51:45 Ring Archer Armor
51:15 Bracer
52:18 Blast Furnace
54:38 Plate Barding Armor
1049469825
10:55 Feudal Age
14:46 Castle Age
14:05 Stone Mining
17:15 Double-Bit Axe
20:59 Marauders
22:44 Gold Mining
23:39 Horse Collar
25:12 Bloodlines
25:04 Husbandry
26:36 Forging
26:49 Heavy Plow
32:18 Imperial Age
29:42 Town Watch
30:13 Scale Barding Armor
32:41 Bow Saw
34:40 Conscription
35:18 Iron Casting
35:32 Wheelbarrow
34:31 Cavalier
36:15 Chemistry
36:24 Caravan
37:43 Hand Cart
37:29 Town Patrol
37:20 Loom
38:41 Two-Man Saw
37:36 Fletching
38:10 Ballistics
40:02 Elite Tarkan
41:46 Blast Furnace
43:10 Chain Barding Armor
42:33 Paladin
44:25 Gold Shaft Mining
44:40 Plate Barding Armor
44:01 Bodkin Arrow
44:08 Padded Archer Armor
46:41 Bracer
46:57 Leather Archer Armor
58:09 Parthian Tactics
57:04 Heavy Cavalry Archer
784f22fd
9:21 Feudal Age
7:39 Loom
15:17 Castle Age
13:44 Double-Bit Axe
37:33 Horse Collar
38:04 Bow Saw
44:45 Imperial Age
43:03 Gold Mining
44:39 Forging
44:34 Scale Barding Armor
44:57 Capped Ram
46:38 Wheelbarrow
46:30 Comitatenses
46:01 Man-at-Arms
46:43 Squires
46:21 Siege Ram
47:21 Siege Engineers
47:08 Long Swordsman
48:19 Conscription
48:10 Heavy Plow
48:14 Legionary
50:57 Heavy Scorpion
52:09 Ballistics
52:50 Chemistry
51:33 Pikeman
52:57 Iron Casting
52:22 Scale Mail Armor
53:56 Ballistas
56:42 Halberdier
雎鸠
8:56 Loom
11:45 Feudal Age
12:27 Double-Bit Axe
12:50 Horse Collar
15:33 Castle Age
15:32 Gold Mining
16:08 Loom
18:03 Gold Shaft Mining
17:35 Scale Mail Armor
18:05 Bow Saw
19:15 Squires
23:14 Wheelbarrow
23:01 Arson
24:54 Scale Barding Armor
26:06 Bloodlines
28:35 Forging
29:41 Hand Cart
29:56 Chain Barding Armor
31:18 Iron Casting
31:53 Heavy Plow
35:12 Imperial Age
33:24 Padded Archer Armor
33:48 Husbandry
34:57 Ballistics
36:55 Chemistry
36:01 Siege Engineers
36:01 Heavy Camel Rider
36:43 Stone Mining
38:22 Conscription
38:14 Elite Skirmisher
39:38 Imperial Camel Rider
41:45 Blast Furnace
41:22 Plate Barding Armor
41:43 Fletching
42:08 Leather Archer Armor
43:32 Murder Holes
46:57 Two-Man Saw
46:38 Stone Shaft Mining
47:43 Bodkin Arrow
48:19 Ring Archer Armor
49:49 Shatagni
49:55 Grand Trunk Road
49:58 Bracer
50:14 Chain Mail Armor
54:27 Light Cavalry
54:34 Pikeman
Connection lost

Rejoining the realm…

Still unreachable

The connection could not be restored.

Session expired

The server has moved on; the page needs a fresh start.